 Dungeon Crawl Stone Soup version 0.24.0-2-g5b39cebb1c (webtiles) character file.

Game seed: 16924602203438123148, levelgen mode: deterministic

312210 zhorgal the Merry Centaur (level 20, -13/184 HPs)
             Began as a Centaur Arcane Marksman on Oct 28, 2019.
             Was the Champion of Okawaru.
             Shot with a bolt by a yaktaur (29 damage)
             ... on level 1 of the Depths on Oct 30, 2019.
             The game lasted 03:27:50 (52046 turns).

zhorgal the Merry Centaur (CeAM)                   Turns: 52046, Time: 03:27:51

Health: -13/184    AC: 28    Str: 21      XL:     20   Next: 43%
Magic:  26/36      EV: 16    Int: 20 (22) God:    Okawaru [******]
Gold:   2493       SH:  0    Dex: 14      Spells: 10/21 levels left

rFire    + + +     SeeInvis +   a - +9 longbow (flame)
rCold    + . .     Gourm    .   (shield currently unavailable)
rNeg     + + .     Faith    +   B - +2 leather armour "Jeokkun" {Regen+ rCorr MP+9 Int+4}
rPois    .         Spirit   .   r - +1 helmet
rElec    .         Reflect  .   u - +2 cloak of the Pit {rF+ Int+2 Dex+3}
rCorr    +         Harm     .   V - +1 pair of gloves {archery}
MR       ++...                  J - +3 centaur barding "Kadom" {rF+ MR+}
Stlth    +.........             x - amulet of the Endless Expanse {Faith +Blink rN++}
HPRegen  0.80/turn              v - ring of Cuchym Juwuz {rF+ rC+ Int+4 Stlth-}
MPRegen  0.25/turn              l - ring of see invisible

@: heroism, very quick
A: large, hooves 3, deformed body, speed 2, tough skin 3
}: 2/15 runes: decaying, gossamer
a: Heroism, Finesse, Renounce Religion, Evoke Blink


You were on level 1 of the Depths.
You worshipped Okawaru.
Okawaru was exalted by your worship.
You were not hungry.

You visited 8 branches of the dungeon, and saw 37 of its levels.
You also visited: Sewer and Ice Cave.

You collected 3884 gold pieces.
You spent 1391 gold pieces at shops.

Inventory:

Hand Weapons
 a - a +9 longbow of flaming (weapon)
 b - the +3 shortbow of Qohe {flame, MP+9 SInv}
   (Okawaru gifted it to you on level 1 of the Vaults)

   It causes projectiles fired from it to burn those they strike, causing extra
   injury to most foes and up to half again as much damage against particularly
   susceptible opponents.
   It affects your magic capacity (+9).
   It lets you see invisible.
 L - a +8 longbow of freezing
Missiles
 d - 911 arrows (quivered)
 P - 4 throwing nets
Armour
 r - a +1 helmet (worn)
 u - the +2 cloak of the Pit (worn) {rF+ Int+2 Dex+3}
   (You found it on level 3 of the Vaults)

   It affects your intelligence (+2).
   It affects your dexterity (+3).
   It protects you from fire.
 A - the +6 centaur barding "Yshanwou" {Str+5 Int+3}
   (Okawaru gifted it to you on level 13 of the Dungeon)

   It affects your strength (+5).
   It affects your intelligence (+3).
 B - the +2 leather armour "Jeokkun" (worn) {Regen+ rCorr MP+9 Int+4}
   (You found it on level 5 of the Dungeon)

   It affects your intelligence (+4).
   It affects your magic capacity (+9).
   It increases your rate of regeneration.
   It provides partial protection from all sources of acid and corrosion.
 J - the +3 centaur barding "Kadom" (worn) {rF+ MR+}
   (Okawaru gifted it to you on level 2 of the Vaults)

   It protects you from fire.
   It affects your resistance to hostile enchantments.
 V - a +1 pair of gloves of archery (worn)
Jewellery
 i - the ring "Samuagiuj" {Str+8 Int+4}
   (You acquired it on level 1 of the Lair of Beasts)

   [ring of intelligence]

   It affects your strength (+8).
   It affects your intelligence (+4).
 l - a ring of see invisible (right hand)
 v - the ring of Cuchym Juwuz (left hand) {rF+ rC+ Int+4 Stlth-}
   (You found it on level 15 of the Dungeon)

   [ring of attention]

   It affects your intelligence (+4).
   It protects you from fire.
   It protects you from cold.
   It makes you less stealthy.
 x - the amulet of the Endless Expanse (around neck) {Faith +Blink rN++}
   (You found it on level 11 of the Dungeon)

   [amulet of faith]

   It allows you to gain divine favour quickly.
   It greatly protects you from negative energy.
   It lets you blink.
 G - a +3 ring of protection {unknown}
 H - the amulet "Ablumey" {Reflect rF+ Int+4 SH+4 SInv}
   (You took it off a yaktaur on level 1 of the Vaults)

   [amulet of reflection]

   It shields you and reflects attacks.
   It affects your intelligence (+4).
   It protects you from fire.
   It lets you see invisible.
   It affects your SH (+4).
Wands
 c - a wand of polymorph (22)
 k - a wand of enslavement (19)
 m - a wand of disintegration (42)
 n - a wand of iceblast (19)
 t - a wand of clouds (10)
 M - a wand of acid (34)
 O - a wand of paralysis (33)
 Y - a wand of digging (7)
 Z - a wand of scattershot (8)
Scrolls
 e - 5 scrolls of magic mapping
 h - 16 scrolls of identify
 s - 14 scrolls of remove curse
 y - a scroll of immolation
 E - 6 scrolls of enchant armour
 F - 5 scrolls of fog
 I - 8 scrolls of fear
 W - 10 scrolls of teleportation
 X - 3 scrolls of blinking
Potions
 g - 18 potions of curing
 j - 3 potions of resistance
 p - a potion of invisibility
 w - 3 potions of heal wounds
 z - 7 potions of might
 C - 2 potions of cancellation
 D - 5 potions of mutation
 N - 8 potions of ambrosia
 Q - 6 potions of agility
 T - 3 potions of haste
 U - 4 potions of lignification
Miscellaneous
 q - a sack of spiders
 K - a phial of floods
 R - a lightning rod (4/4)
 S - a lamp of fire
Comestibles
 f - 25 rations
 o - 19 chunks of flesh


   Skills:
 + Level 17.4(22.4) Fighting
 O Level 27 Bows
 + Level 11.6(16.6) Armour
 + Level 9.8(14.8) Dodging
 - Level 1.0 Spellcasting
 + Level 3.4 Hexes
 + Level 1.8 Translocations
 - Level 10.0 Invocations
 - Level 10.0 Evocations


You had 10 spell levels left.
You knew the following spells:

 Your Spells              Type           Power        Failure   Level  Hunger
a - Corona                Hex            ##.....      4%          1    ##.....
b - Slow                  Hex            ##......     7%          2    ###....
c - Portal Projectile     Hex/Tloc       ##....       19%         3    ####...
d - Cause Fear            Hex            ##........   43%         4    #####..
e - Apportation           Tloc           #.....       9%          1    ##.....

Your spell library contained the following spells:

 Spells                   Type           Power        Failure   Level  Hunger
 Confusing Touch          Hex            ##....       4%          1    ##.....
 Animate Skeleton         Necr           N/A          19%         1    ##.....
 Magic Dart               Conj           #...         19%         1    ##.....
 Summon Small Mammal      Summ           #...         19%         1    ##.....
 Poisonous Vapours        Pois/Air       #.....       28%         2    ###....
 Searing Ray              Conj           #.....       28%         2    ###....
 Dazzling Spray           Conj/Hex       #.....       28%         3    ####...
 Inner Flame              Hex/Fire       #.......     28%         3    ####...
 Conjure Flame            Conj/Fire      #.......     50%         3    ####...
 Mephitic Cloud           Conj/Pois/Air  #.......     50%         3    ####...
 Static Discharge         Conj/Air       #.......     50%         3    ####...
 Fulminant Prism          Conj/Hex       #.........   67%         4    #####..
 Leda's Liquefaction      Hex/Erth       #.........   67%         4    #####..
 Force Lance              Conj/Tloc      #.......     78%         4    #####..
 Iskenderun's Mystic Bla  Conj           #.......     88%         4    #####..
 Bolt of Magma            Conj/Fire/Erth #.........   99%         5    ######.
 Iskenderun's Battlesphe  Conj/Chrm      #.......     99%         5    ######.
 Lightning Bolt           Conj/Air       #.........   99%         5    ######.
 Venom Bolt               Conj/Pois      #.........   99%         5    ######.
 Freezing Cloud           Conj/Ice/Air   #.........   100%        6    #######
 Iron Shot                Conj/Erth      #.........   100%        6    #######
 Orb of Destruction       Conj           #.........   100%        7    #######
 Ring of Flames           Chrm/Fire      #.........   100%        7    #######
 Spellforged Servitor     Conj/Summ      #.........   100%        7    #######
 Ignition                 Fire           #.........   100%        8    #######
 Shatter                  Erth           #.........   100%        9    #######
 Tornado                  Air            #.........   100%        9    #######


Dungeon Overview and Level Annotations

Branches:
Dungeon (15/15)            Temple (1/1) D:5            Lair (6/6) D:8
  Swamp (4/4) Lair:3       Spider (4/4) Lair:3        Slime (0/5) Lair:5
    Orc (2/2) D:9             Elf (0/3) Orc:2        Vaults (4/5) D:14
  Crypt (0/3) Vaults:2     Depths (1/5) D:15          Sewer (visited)
  IceCv (visited)

Altars:
Ashenzari
Cheibriados
Dithmenos
Elyvilon
Fedhas
Gozag
Kikubaaqudgha
Makhleb
Nemelex Xobeh
Okawaru
Ru
Sif Muna
Trog
Uskayaw
Vehumet
Wu Jian
Xom
Yredelemnul
Zin
The Shining One
Beogh
Jiyva

Shops:
D:9 }   D:14 *   D:15 *   Orc:1 [   Orc:2 %[[=   Vaults:3 (!(

Annotations:
D:3 Sigmund
D:5 exclusion: door
D:12 1 runed translucent door, Noname's ghost, journeyman NaBe
D:15 1 runed translucent door, Xiestris's ghost, journeyman DsGl
Lair:1 2 transporters, 1 runed translucent door, Imnulubo's ghost, novice TeFE
Lair:2 exclusion: oklob plant
Lair:3 2 transporters, Foabaekk's ghost, journeyman GrMo
Lair:5 1 runed translucent door, Jeban's ghost, journeyman OpFi


Innate Abilities, Weirdness & Mutations

You have hooves in place of feet.
Armour fits poorly on your strangely shaped body.
You cover ground very quickly.
You have extremely tough skin. (AC +3)


Message History

* * * LOW HITPOINT WARNING * * *
The ogre mage closely misses you.
The vampire knight gestures wildly while chanting.
The vampire knight flickers and vanishes for a moment.
You hear a shout! x2
Really walk into that cloud of flame?
You are engulfed in blazing flames.
You resist.
* * * LOW HITPOINT WARNING * * *
You are engulfed in blazing flames.
You resist.
* * * LOW HITPOINT WARNING * * *
The yaktaur wields a +0 arbalest.
The yaktaur shoots a bolt.
The bolt hits you!
* * * LOW HITPOINT WARNING * * *
You see here 2 bolts.
You are engulfed in blazing flames.
You resist.
* * * LOW HITPOINT WARNING * * *
The spriggan air mage waves its arms in wide circles.
The air twists around and strikes you!!
* * * LOW HITPOINT WARNING * * *
The yaktaur shoots a bolt.
The bolt hits you!!
You die...

,,,,,* *,,,,,,,+,* *,,,,,,*,
,,,,,******,,,,,,,*,** *,,,,,,*,
,,,,,,,,,,*,,,,,,,*,,****,,,,,,**
,,,,,****,+,,,,,,,**,,,,+,,,,,,**
,,,,,*##*,*,,,,,,,*******,,,,,,*,
,,,,,* ..,*****+*** **+***,,,
*,*****##(**##### *,,,,*,,
,**,,,*#(Vi##...## ****,,,,
**>,*,,,,♣cc(.§.@# ***,,
***,,,*#.OO##.(.##**** *********+
,,*****##O**#####,,,,***,,,,,,,,,
,,,,****#,**,*,*****,*,+,,,,,,,,,
,,,,**,*,,,*,*,*,,,,,+,*,,,,,,,,,
,,,,+,,*,*,*,*,*,***,***,,,,,,,,,
,,,,****,,,*,,,*,*,,,* *,,,,,,,,,
,,,,* **>****,*,*,*** *,,,,,,,,,
***** ***,,,,,,*,,,* *,,,,,,,,,


You could see a vampire knight (invisible), a two-headed ogre, an ogre mage
(invisible), a spriggan air mage and 2 yaktaurs.

Vanquished Creatures
  Frederick (Vaults:4)
  Bai Suzhen (Swamp:3)
  Saint Roka (Vaults:4)
  Xtahua (Vaults:4)
  Arachne (Spider:2)
  Jorgrun (Orc:1)
  A lich (Vaults:4)
  A sphinx (D:13)
  Kirke (Swamp:4)
  3 thorn hunters
  Donald (Spider:2)
  2 frost giants
  4 ghost moths
  Louise (Spider:2)
  A fire giant (Vaults:3)
  5 emperor scorpions (Spider:4)
  12 vault wardens
  A deep elf sorcerer (Vaults:2)
  8 ironheart preservers
  A war gargoyle (Vaults:3)
  A very ugly thing (Swamp:4)
  3 stone giants
  2 entropy weavers
  A dire elephant (Lair:5)
  2 deep elf annihilators
  A white draconian (IceCv)
  A spark wasp (Spider:4)
  2 deep elf death magi (Vaults:1)
  Josephine (D:15)
  A fire dragon (Vaults:2)
  7 yaktaur captains
  3 ice dragons
  15 vault guards
  8 ogre magi
  3 great orbs of eyes
  20 hydras
  2 rakshasas (Vaults:3)
  Harold (Orc:1)
  3 ghost crabs
  A catoblepas (Lair:4)
  A merfolk avatar (Lair:6)
  4 shambling mangroves
  4 centaur warriors
  15 two-headed ogres
  A death knight (Vaults:2)
  7 alligators
  Erica (D:10)
  Urug (D:10)
  6 death yaks
  A deep troll shaman (Vaults:3)
  A spriggan berserker (Swamp:4)
  A vampire mage (D:15)
  2 orc high priests
  A deep troll earth mage (Vaults:3)
  Sonja (Lair:6)
  12 skeletal warriors
  A deep elf knight (Vaults:1)
  Nergalle (D:10)
  6 unseen horrors
  A spriggan druid (Swamp:4)
  A storm dragon skeleton (Vaults:2)
  3 deep trolls
  A flayed ghost (Vaults:4)
  2 deep elf archers
  2 glowing orange brains
  5 wizards
  10 swamp dragons
  9 ironbrand convokers
  A shadow dragon zombie (D:15)
  4 harpies (Vaults:3)
  10 orc knights
  24 orb spiders
  6 deep elf magi
  3 orc sorcerers
  3 necromancers
  19 ugly things
  An oklob plant (Lair:6)
  40 wolf spiders
  A stone giant zombie (D:15)
  5 cyclopes
  2 fire giant skeletons (Vaults:2)
  23 slime creatures
  2 frost giant skeletons (Vaults:2)
  A sphinx skeleton (D:15)
  5 manticores
  12 vault sentinels
  A black mamba (Lair:5)
  7 elephants
  3 torpor snails
  An ice statue (IceCv)
  19 spiny frogs
  7 rime drakes
  14 komodo dragons
  A kobold demonologist (D:12)
  An efreet (D:13)
  45 yaktaurs
  13 demonic crawlers
  A freezing wraith (Vaults:4)
  A yaktaur skeleton (Vaults:2)
  25 polar bears
  5 trolls
  40 jumping spiders
  9 tyrant leeches
  23 hornets
  A hornet (shapeshifter) (Vaults:4)
  A wolf spider simulacrum (D:13)
  A queen bee (shapeshifter) (Vaults:1)
  2 blink frogs (shapeshifter)
  13 bog bodies
  A sphinx simulacrum (Vaults:3)
  24 blink frogs
  7 hippogriffs
  Prince Ribbit (D:7)
  2 ettin skeletons
  A centaur simulacrum (D:13)
  2 vampires (D:13)
  32 tarantellas
  63 redbacks
  A hog (Swamp:4)
  6 spriggans
  2 wyverns
  2 shadows (Swamp:3)
  6 wraiths
  2 basilisks
  18 humans (D:14)
  32 yaks
  2 hungry ghosts
  25 vampire mosquitoes
  A yaktaur simulacrum (Vaults:1)
  7 wargs
  18 insubstantial wisps
  11 swamp worms
  3 acid dragons
  16 water moccasins
  4 porcupines
  20 swamp drakes
  A hornet zombie (D:12)
  54 orc warriors
  2 sky beasts (D:13)
  3 phantoms
  3 black bears
  5 ice beasts
  28 wolves
  An eye of draining (D:9)
  5 boggarts (Vaults:3)
  26 centaurs
  34 ogres
  2 orc skeletons (Vaults:2)
  5 necrophages
  13 crocodiles
  7 big kobolds
  4 human skeletons (Vaults:2)
  16 bullfrogs
  A glowing shapeshifter simulacrum (Vaults:1)
  2 wyvern zombies
  A wyvern skeleton (D:11)
  3 scorpions
  5 wights
  3 electric eels
  8 howler monkeys
  10 crimson imps
  3 centaur zombies
  2 bullfrog zombies
  2 quasits
  13 centaur skeletons
  4 jellies
  A bullfrog skeleton (D:10)
  21 orc priests
  5 hounds
  29 orc wizards
  4 iguanas
  14 worker ants
  A hound skeleton (D:5)
  4 mummies (D:10)
  A howler monkey skeleton (D:7)
  2 worker ant zombies
  12 adders
  3 gnolls
  2 shadow imps
  12 white imps (D:12)
  An ooze (Sewer)
  An adder skeleton (D:5)
  5 worms
  3 dart slugs
  4 leopard geckos
  106 orcs
  A bat zombie (D:8)
  7 giant cockroaches
  12 goblins
  12 hobgoblins
  2 jackals (D:1)
  3 quokkas
  6 ball pythons
  8 bats
  11 frilled lizards
  A jackal skeleton (D:7)
  25 kobolds
  A quokka skeleton (D:5)
  A quokka zombie (D:5)
  10 rats
  2 rat zombies (D:8)
  A fungus (Lair:2)
  A plant (Lair:6)
1533 creatures vanquished.

Vanquished Creatures (collateral kills)
  Aizul (Swamp:1)
1 creature vanquished.

Vanquished Creatures (others)
  A slime creature (Swamp:4)
  A spiny frog (Swamp:4)
  A demonic crawler (Spider:4)
  A redback (Spider:2)
  5 humans (Swamp:4)
  A swamp worm (Swamp:4)
  An ogre (Depths:1)
  An orc wizard (D:3)
  11 fungi
  20 plants
  12 toadstools (Lair:1)
  A withered plant (D:15)
56 creatures vanquished.

Grand Total: 1590 creatures vanquished

Notes
Turn   | Place    | Note
-------+----------+-------------------------------------------
     0 | D:1      | zhorgal the Centaur Arcane Marksman began the quest for the
                  | Orb.
     0 | D:1      | Reached XP level 1. HP: 16/16 MP: 2/2
   209 | D:1      | You fall into a shaft and drop 1 floor!
   640 | D:1      | Reached XP level 2. HP: 23/24 MP: 3/3
  1124 | D:1      | Reached XP level 3. HP: 22/31 MP: 4/4
  1647 | D:2      | Noticed an orc warrior
  2046 | D:2      | Found an ornate altar of the Wu Jian Council.
  2159 | D:2      | Killed an orc warrior
  2159 | D:2      | Reached XP level 4. HP: 22/41 MP: 5/5
  2159 | D:2      | Reached XP level 5. HP: 25/47 MP: 6/6
  2528 | D:2      | Reached skill level 5 in Fighting
  2766 | D:2      | Reached skill level 3 in Bows
  3420 | D:3      | Noticed Sigmund
  3578 | D:3      | Reached skill level 4 in Bows
  3682 | D:3      | Found a glowing drain.
  3725 | Sewer    | Entered a sewer
  3818 | Sewer    | Reached XP level 6. HP: 16/57 MP: 7/7
  3819 | Sewer    | Reached skill level 5 in Bows
  4278 | Sewer    | Reached XP level 7. HP: 63/64 MP: 8/8
  4435 | D:3      | Found a radiant altar of Vehumet.
  4772 | D:3      | Reached skill level 6 in Bows
  6176 | D:4      | Reached skill level 7 in Bows
  6862 | D:5      | Entered Level 5 of the Dungeon
  6873 | D:5      | Reached XP level 8. HP: 64/73 MP: 9/9
  7036 | D:5      | Found a shimmering blue altar of Sif Muna.
  7140 | D:5      | Reached skill level 1 in Armour
  7162 | D:5      | Reached skill level 8 in Bows
  7743 | D:5      | Found a staircase to the Ecumenical Temple.
  7748 | Temple   | Entered the Ecumenical Temple
  7793 | Temple   | Became a worshipper of Warmaster Okawaru
  7910 | D:5      | Got a pitted leather armour
  7921 | D:5      | Identified the +2 leather armour "Jeokkun" {Regen+ rCorr
                  | MP+9 Int+4} (You found it on level 5 of the Dungeon)
  8120 | D:5      | Reached skill level 1 in Invocations
  8204 | D:5      | Reached skill level 9 in Bows
  8720 | D:6      | Found a shattered altar of Ashenzari.
  8857 | D:5      | Reached * piety under Okawaru
  8857 | D:5      | Reached XP level 9. HP: 79/79 MP: 11/11
  8934 | D:6      | Reached skill level 10 in Bows
 10095 | D:7      | Noticed a +0 hand axe
 10095 | D:7      | Noticed a +0 dagger
 10097 | D:7      | Found a hide-covered altar of Uskayaw.
 10107 | D:7      | Noticed Prince Ribbit
 10133 | D:7      | Killed Prince Ribbit
 10285 | D:7      | Reached skill level 11 in Bows
 10452 | D:7      | Reached ** piety under Okawaru
 10694 | D:7      | Found a hide-covered altar of Uskayaw.
 11281 | D:8      | Upgraded the game from 0.24.0-1-gfbc8707122 to
                  | 0.24.0-2-g5b39cebb1c
 11339 | D:8      | Reached skill level 5 in Invocations
 11357 | D:8      | Reached skill level 12 in Bows
 11537 | D:8      | Reached XP level 10. HP: 89/89 MP: 14/14
 11806 | D:8      | Found a staircase to the Lair.
 11949 | D:8      | Found a snail-covered altar of Cheibriados.
 12079 | D:8      | Found an ancient bone altar of Kikubaaqudgha.
 12242 | Lair:1   | Entered Level 1 of the Lair of Beasts
 12351 | Lair:1   | Identified a scroll of acquirement
 12352 | Lair:1   | Got a warped pewter ring
 12353 | Lair:1   | Identified the ring "Samuagiuj" {Str+8 Int+4} (You acquired
                  | it on level 1 of the Lair of Beasts)
 12413 | Lair:1   | Noticed a spiny frog
 12421 | Lair:1   | Killed a spiny frog
 12471 | Lair:1   | Reached *** piety under Okawaru
 12471 | Lair:1   | Reached skill level 13 in Bows
 12568 | Lair:1   | Noticed a spiny frog
 12958 | Lair:1   | Noticed Imnulubo's ghost (novice TeFE)
 13176 | Lair:1   | Found a transporter.
 13189 | Lair:1   | Found a transporter.
 13346 | Lair:1   | Received a gift from Okawaru
 13442 | Lair:1   | Killed a spiny frog
 13442 | Lair:1   | Reached **** piety under Okawaru
 13456 | Lair:1   | Noticed a dire elephant
 13456 | Lair:1   | Noticed a dire elephant
 13476 | Lair:1   | Found a runed translucent door.
 13757 | Lair:2   | Noticed a spiny frog
 13769 | Lair:2   | Killed a spiny frog
 13769 | Lair:2   | Reached skill level 10 in Fighting
 13769 | Lair:2   | Reached skill level 14 in Bows
 13769 | Lair:2   | Reached XP level 11. HP: 84/96 MP: 16/16
 14124 | Lair:2   | Reached skill level 1 in Evocations
 14463 | Lair:2   | Received a gift from Okawaru
 14974 | Lair:2   | Noticed an oklob plant
 15176 | Lair:3   | Received a gift from Okawaru
 15436 | Lair:3   | Found a hole to the Spider Nest.
 15699 | Lair:3   | Noticed Foabaekk's ghost (journeyman GrMo)
 15708 | Lair:3   | Found a transporter.
 15797 | Lair:3   | Received a gift from Okawaru
 15797 | Lair:3   | Reached skill level 15 in Bows
 15956 | Lair:3   | Found a transporter.
 16297 | Lair:3   | Found a staircase to the Swamp.
 16727 | Lair:4   | Noticed an eight-headed hydra
 16773 | Lair:3   | Killed an eight-headed hydra
 16773 | Lair:3   | Received a gift from Okawaru
 16972 | Lair:4   | Learned a level 2 spell: Slow
 16976 | Lair:4   | Learned a level 3 spell: Portal Projectile
 16981 | Lair:4   | Learned a level 4 spell: Cause Fear
 17140 | Lair:4   | Received a gift from Okawaru
 17370 | Lair:4   | Noticed a death yak
 17371 | Lair:4   | Noticed a death yak
 17396 | Lair:4   | Reached XP level 12. HP: 108/108 MP: 18/18
 17413 | Lair:4   | Killed a death yak
 17464 | Lair:4   | Noticed a death yak
 17528 | Lair:4   | Killed a death yak
 17573 | Lair:4   | Reached skill level 16 in Bows
 17625 | Lair:4   | Killed a death yak
 17729 | Lair:4   | Noticed a death yak
 17741 | Lair:4   | Killed a death yak
 17744 | Lair:4   | Noticed a death yak
 17744 | Lair:4   | Noticed a catoblepas
 17818 | Lair:4   | Killed a catoblepas
 17818 | Lair:4   | Reached ***** piety under Okawaru
 17834 | Lair:4   | Killed a death yak
 18540 | Lair:5   | Reached skill level 5 in Evocations
 18559 | Lair:5   | Received a gift from Okawaru
 18804 | Lair:5   | Found a runed translucent door.
 18809 | Lair:5   | Identified the cursed +2 spear of Yesterday {pain, rF++
                  | Int+3}
 18993 | Lair:5   | Reached skill level 17 in Bows
 19321 | Lair:5   | Found a viscous altar of Jiyva.
 19321 | Lair:5   | Found a staircase to the Slime Pits.
 19498 | Lair:5   | Noticed Jeban's ghost (journeyman OpFi)
 19525 | Lair:6   | Entered Level 6 of the Lair of Beasts
 19525 | Lair:6   | Noticed a four-headed hydra
 19526 | Lair:6   | Noticed a four-headed hydra
 19692 | Lair:6   | Noticed a dire elephant
 19710 | Lair:5   | Killed a dire elephant
 19710 | Lair:5   | Received a gift from Okawaru
 19710 | Lair:5   | Reached skill level 10 in Invocations
 19775 | Lair:6   | Paralysed by a hornet for 2 turns
 19785 | Lair:6   | Killed a four-headed hydra
 19785 | Lair:6   | Reached XP level 13. HP: 67/117 MP: 20/20
 19932 | Lair:5   | Received a gift from Okawaru
 20101 | Lair:5   | Got a faintly glowing steel ring
 20102 | Lair:5   | Identified the ring "Kaopefoj" {+Fly Int+2} (You acquired
                  | it on level 5 of the Lair of Beasts)
 20152 | Lair:6   | Received a gift from Okawaru
 20204 | Lair:6   | Received a gift from Okawaru
 20265 | Lair:6   | Received a gift from Okawaru
 20296 | Lair:6   | Reached skill level 18 in Bows
 20306 | Lair:6   | Got a brightly glowing halberd {god gift}
 20677 | Lair:6   | Noticed Sonja
 20683 | Lair:6   | Killed Sonja
 21895 | D:9      | Found a glowing golden altar of the Shining One.
 21974 | D:9      | Found a sacrificial altar of Ru.
 22238 | D:9      | Found Getzimil's Gadget Shop.
 22241 | D:9      | Bought a wand of clouds (5) for 351 gold pieces
 22241 | D:9      | Bought a wand of digging (7) for 286 gold pieces
 22245 | D:9      | Identified the +7 halberd of the Fifty Places {vamp, Str-5
                  | Int+7} (Okawaru gifted it to you on level 6 of the Lair of
                  | Beasts)
 22403 | D:9      | Found a staircase to the Orcish Mines.
 22882 | Orc:1    | Entered Level 1 of the Orcish Mines
 22904 | Orc:1    | Received a gift from Okawaru
 23002 | Orc:1    | Noticed Jorgrun
 23013 | Orc:1    | Killed Jorgrun
 23013 | Orc:1    | Reached skill level 5 in Armour
 23144 | Orc:1    | Found Poecw's Armour Boutique.
 23272 | Orc:2    | Entered Level 2 of the Orcish Mines
 23362 | Orc:2    | Found a staircase to the Elven Halls.
 23401 | Orc:2    | Received a gift from Okawaru
 23411 | Orc:2    | Reached skill level 19 in Bows
 23412 | Orc:2    | Reached XP level 14. HP: 97/127 MP: 21/21
 23549 | Orc:2    | Found Upayhatu's Armour Emporium.
 23549 | Orc:2    | Found Maakh's Armour Shop.
 23556 | Orc:2    | Found Vunar's Jewellery Boutique.
 23558 | Orc:2    | Found Erhap's Food Shoppe.
 23635 | Orc:2    | Received a gift from Okawaru
 23822 | Orc:2    | Found a runed translucent door.
 23864 | Orc:1    | Noticed Harold
 23871 | Orc:1    | Killed Harold
 23871 | Orc:1    | Received a gift from Okawaru
 24555 | Orc:2    | Found a roughly hewn altar of Beogh.
 24665 | D:10     | Entered Level 10 of the Dungeon
 24665 | D:10     | Noticed Erica
 24670 | D:10     | Killed Erica
 24694 | D:10     | Noticed Urug
 24702 | D:10     | Killed Urug
 24702 | D:10     | Received a gift from Okawaru
 24949 | D:10     | Got a vibrating jade ring
 24950 | D:10     | Identified the ring of Ycas {rN+ Dex+2} (You acquired it on
                  | level 10 of the Dungeon)
 24968 | D:10     | Noticed Nergalle
 24973 | D:10     | Killed Nergalle
 24973 | D:10     | Received a gift from Okawaru
 25179 | D:10     | Found the +3 hat of Pondering {ponderous, MR+ MP+10 Int+5}
 25323 | D:11     | Identified the amulet of the Endless Expanse {Faith +Blink
                  | rN++} (You found it on level 11 of the Dungeon)
 25787 | D:11     | Received a gift from Okawaru
 25788 | D:11     | Found the +0 pair of fencer's gloves {Riposte Dex+3}
 26160 | D:12     | Found a frozen archway.
 26220 | IceCv    | Entered an ice cave
 26548 | IceCv    | Reached skill level 20 in Bows
 26936 | IceCv    | Got a faintly glowing plate armour
 27179 | D:12     | Identified the cursed +0 plate armour "Sainog Kise" {rN+}
                  | (You found it in an ice cave)
 27260 | D:12     | You fall into a shaft and drop 1 floor!
 28089 | D:12     | Found a runed translucent door.
 28089 | D:12     | Found a shimmering altar of Xom.
 28089 | D:12     | Noticed Noname's ghost (journeyman NaBe)
 28121 | D:12     | Found a shadowy altar of Dithmenos.
 28174 | D:13     | Received a gift from Okawaru
 28174 | D:13     | Reached XP level 15. HP: 136/136 MP: 22/22
 28685 | D:13     | Received a gift from Okawaru
 28690 | D:13     | Got a brightly glowing centaur barding {god gift}
 28696 | D:13     | Identified the +6 centaur barding "Yshanwou" {Str+5 Int+3}
                  | (Okawaru gifted it to you on level 13 of the Dungeon)
 29545 | D:14     | Reached skill level 21 in Bows
 29590 | D:14     | Found Gozag's Platinum Reserve.
 29649 | D:14     | Found an opulent altar of Gozag.
 30007 | D:13     | Noticed a sphinx
 30019 | D:13     | Killed a sphinx
 30169 | D:14     | Found a gate to the Vaults.
 30218 | D:14     | Received a gift from Okawaru
 30738 | D:15     | Entered Level 15 of the Dungeon
 30738 | D:15     | Noticed Josephine
 31343 | D:15     | Found a staircase to the Depths.
 31562 | D:15     | Got a vibrating iron ring
 31586 | D:15     | Identified the ring of Cuchym Juwuz {rF+ rC+ Int+4 Stlth-}
                  | (You found it on level 15 of the Dungeon)
 31962 | D:15     | Killed Josephine
 31972 | D:15     | Found Tiddapt's General Store.
 31986 | D:15     | Bought a scroll of teleportation for 42 gold pieces
 31986 | D:15     | Bought a potion of resistance for 140 gold pieces
 31986 | D:15     | Bought a scroll of teleportation for 42 gold pieces
 31986 | D:15     | Bought a potion of heal wounds for 70 gold pieces
 32021 | D:15     | Found a runed translucent door.
 32021 | D:15     | Noticed Xiestris's ghost (journeyman DsGl)
 32386 | Swamp:1  | Entered Level 1 of the Swamp
 32600 | Lair:3   | Received a gift from Okawaru
 32600 | Lair:3   | Reached skill level 10 in Evocations
 32600 | Lair:3   | Reached XP level 16. HP: 111/146 MP: 23/23
 33806 | Swamp:1  | Noticed Aizul
 33986 | Swamp:1  | Killed Aizul
 33986 | Swamp:1  | Received a gift from Okawaru
 34216 | Swamp:1  | Reached skill level 22 in Bows
 34503 | Swamp:2  | Noticed a thorn hunter
 34512 | Swamp:2  | Killed a thorn hunter
 35524 | Swamp:3  | Noticed a thorn hunter
 35529 | Swamp:3  | Killed a thorn hunter
 35619 | Swamp:3  | Received a gift from Okawaru
 35819 | Swamp:3  | Received a gift from Okawaru
 35920 | Swamp:3  | Noticed Bai Suzhen
 35986 | Swamp:3  | Killed Bai Suzhen
 36260 | Swamp:3  | Found a hide-covered altar of Uskayaw.
 36724 | Swamp:4  | Entered Level 4 of the Swamp
 36727 | Swamp:4  | Reached skill level 5 in Dodging
 36878 | Swamp:4  | Noticed a thorn hunter
 36880 | Swamp:4  | Killed a thorn hunter
 37395 | Swamp:4  | Noticed Kirke
 37401 | Swamp:4  | Killed Kirke
 37401 | Swamp:4  | Reached skill level 23 in Bows
 37420 | Swamp:4  | Received a gift from Okawaru
 37676 | Swamp:4  | Reached XP level 17. HP: 154/154 MP: 24/24
 37984 | Swamp:4  | Reached skill level 15 in Fighting
 38336 | Swamp:4  | Got a decaying rune of Zot
 38693 | Spider:1 | Entered Level 1 of the Spider Nest
 38873 | Spider:1 | Reached ****** piety under Okawaru
 38873 | Spider:1 | Received a gift from Okawaru
 39030 | Spider:1 | Received a gift from Okawaru
 39898 | Spider:2 | Noticed Louise
 39918 | Spider:2 | Killed Louise
 40349 | Spider:2 | Noticed Arachne
 40349 | Spider:2 | Noticed Donald
 40362 | Spider:2 | Killed Arachne
 40362 | Spider:2 | Received a gift from Okawaru
 40414 | Spider:2 | Killed Donald
 40414 | Spider:2 | Reached skill level 24 in Bows
 41759 | Spider:4 | Entered Level 4 of the Spider Nest
 41807 | Spider:4 | Reached XP level 18. HP: 165/165 MP: 25/25
 41813 | Spider:4 | Received a gift from Okawaru
 41914 | Spider:4 | Received a gift from Okawaru
 42410 | Spider:4 | Paralysed by a hornet for 1 turns
 42578 | Spider:4 | Received a gift from Okawaru
 42587 | Spider:4 | Identified the +9 longbow "Elalaurph" {venom, +Inv rC-
                  | Stlth+} (Okawaru gifted it to you on level 4 of the Spider
                  | Nest)
 42954 | Spider:4 | Reached skill level 10 in Armour
 43196 | Spider:4 | Received a gift from Okawaru
 43393 | Spider:4 | Received a gift from Okawaru
 43591 | Spider:4 | Got a gossamer rune of Zot
 43960 | Vaults:1 | Entered Level 1 of the Vaults
 44163 | Vaults:1 | Reached skill level 25 in Bows
 44651 | Vaults:1 | Identified the +2 plate armour "Kuotureh" {*Corrode rF+ MR+
                  | Int+3} (You found it on level 1 of the Vaults)
 44661 | Vaults:1 | Received a gift from Okawaru
 44667 | Vaults:1 | Identified the amulet "Ablumey" {Reflect rF+ Int+4 SH+4
                  | SInv}
 44860 | Vaults:1 | Received a gift from Okawaru
 45093 | Vaults:1 | Received a gift from Okawaru
 45529 | Vaults:1 | Received a gift from Okawaru
 45544 | Vaults:1 | Identified the +3 shortbow of Qohe {flame, MP+9 SInv}
                  | (Okawaru gifted it to you on level 1 of the Vaults)
 45852 | Vaults:2 | Reached XP level 19. HP: 173/173 MP: 26/26
 46956 | Vaults:2 | Received a gift from Okawaru
 47205 | Vaults:2 | Received a gift from Okawaru
 47440 | Vaults:2 | Received a gift from Okawaru
 47480 | Vaults:2 | Found a staircase to the Crypt.
 47594 | Vaults:2 | Reached skill level 26 in Bows
 47597 | Vaults:2 | Received a gift from Okawaru
 47604 | Vaults:2 | Identified the +3 centaur barding "Kadom" {rF+ MR+}
                  | (Okawaru gifted it to you on level 2 of the Vaults)
 48004 | Vaults:3 | Identified the +2 cloak of the Pit {rF+ Int+2 Dex+3} (You
                  | found it on level 3 of the Vaults)
 48573 | Vaults:3 | Paralysed by a great orb of eyes for 2 turns
 48704 | Vaults:3 | Found Duhaxaut's Antique Weapon Boutique.
 49088 | Vaults:3 | Found Afaz's Weapon Emporium.
 49359 | Vaults:3 | Received a gift from Okawaru
 49383 | Vaults:3 | Found Quhos's Distillery.
 49386 | Vaults:3 | Bought a potion of curing for 60 gold pieces
 49386 | Vaults:3 | Bought a potion of agility for 80 gold pieces
 49386 | Vaults:3 | Bought a potion of agility for 80 gold pieces
 49386 | Vaults:3 | Bought a potion of agility for 80 gold pieces
 49386 | Vaults:3 | Bought a potion of curing for 60 gold pieces
 49386 | Vaults:3 | Bought a potion of heal wounds for 100 gold pieces
 50143 | Vaults:4 | Noticed Frederick
 50187 | Vaults:4 | Killed Frederick
 50381 | Vaults:4 | Noticed Xtahua
 50382 | Vaults:4 | Received a gift from Okawaru
 50382 | Vaults:4 | Reached XP level 20. HP: 170/184 MP: 27/27
 50665 | Vaults:4 | Killed Xtahua
 50705 | Vaults:4 | Noticed Saint Roka
 50766 | Vaults:4 | Killed Saint Roka
 51596 | Vaults:4 | Reached skill level 27 in Bows
 51599 | Vaults:4 | Learned a level 1 spell: Apportation
 51770 | Vaults:4 | Reached skill level 1 in Translocations
 51999 | Depths:1 | Entered Level 1 of the Depths
 52017 | Depths:1 | Received a gift from Okawaru
 52046 | Depths:1 | Shot with a bolt by a yaktaur

Levels and vault maps discovered:
D:1:      beargit_arrival_greenhouse, layout_basic, serial_park_tiny_1
D:2:      layout_basic, overflow_temple_1_default, first_ration
D:3:      layout_loops_ring, lemuel_round_altar, minitemple,
          cheibrodos_sewer_entry_sluice, glass_columns_b, uniq_sigmund
D:4:      layout_basic
D:5:      layout_gridville, led_sif_book, temple_doors_cd
D:6:      layout_gridville, kennysheep_mini, minivault_22
D:7:      layout_layer_cave, dancing_weapons_uskayaw, kennysheep_flooded_box,
          uniq_prince_ribbit1
D:8:      layout_rooms, overflow_temple_1_default,
          lemuel_zombie_altar_kikubaaqudgha, erik_lair_orcish_takeover,
          grunt_pizzeria
D:9:      layout_irregular_city, nicolae_ru_great_annihilating_truth,
          david_orc_1_choice, serial_shops, shop, tso_metal_star
D:10:     layout_rooms, serial_undead, serial_undead_a, serial_undead_e,
          serial_undead_a, serial_undead_b, uniq_urug, uniq_erica, uniq_nergalle
D:11:     layout_basic, serial_park_tiny_1
D:12:     layout_cave_pools, ebering_ghost_xom, portal_ice_cave_entry_imps,
          grunt_dithmenos_smoke_and_mirrors
D:13:     minmay_diamond_stairs, layout_basic, drop_trap
D:14:     layout_loops_corners, grunt_vaults_entry_tiered,
          gauntlet_entry_generic, nicolae_gozag_zags_fifth_avenue,
          minmay_variable_closet
D:15:     gammafunk_depths_entry_grave, layout_gridville,
          ebering_ghost_inner_flame, serial_park_gazebo
          [serial_park_minivault_5x5_7], serial_shops, shop, uniq_josephine
Temple:   minmay_temple_bridge_abc
Lair:1:   gammafunk_lair_enchanted_lake, layout_chaotic_city,
          gammafunk_ghost_hive, beast_lair_carwin_9, lemuel_fruit_tree
Lair:2:   layout_gridlike, lemuel_oklob_altar
Lair:3:   layout_small_grid, minmay_swamp_entry_worms, spider_nest_entry_rubble,
          gammafunk_ghost_berserking_beasts
Lair:4:   beast_lair_carwin_large_4, layout_long_grid
Lair:5:   layout_long_grid, dpeg_slime_entry_enclosed_altar,
          ebering_ghost_funeral_grove
Lair:6:   gammafunk_lair_ancient_temple, layout_regular_city, uniq_sonja
Swamp:1:  layout_basic_swamp, nicolae_swamp_orc_logging_accident, swamp_pool4,
          statue_in_the_mist_lemuel, grunt_hermit_hut,
          infiniplex_staircase_pool, uniq_aizul
Swamp:2:  layout_basic_swamp, evilmike_swamp_ruin_house_3
Swamp:3:  layout_basic_swamp, nicolae_swamp_stair_fork, swamp_pool5,
          lemuel_altar_in_water, uniq_bai_suzhen
Swamp:4:  swamp_basic_johnstein, layout_basic_swamp, uniq_kirke
Spider:1: layout_spider_delve
Spider:2: layout_spider_delve, uniq_louise, uniq_arachne, uniq_donald
Spider:3: layout_spider_delve
Spider:4: guppyfry_spider_rune, drop_trap, guppyfry_spider_mini_1
Orc:1:    layout_diamond_mine, serial_shops, shop, uniq_jorgrun, uniq_harold
Orc:2:    st_orc_rangers, layout_caves, lightli_church_of_beogh
Vaults:1: vaults_dpeg_hooks, nicolae_vaults_angled_halls,
          vaults_mumra_minichess, v_rooms_1, nicolae_vaults_theta,
          hangedman_vaults_restitches, hangedman_vaults_stagger, v_misc_4,
          vaults_room_fancy_cross, nicolae_vaults_holding_cells,
          hangedman_vaults_cutoff, nicolae_vaults_little_ls,
          layout_vaults_omnicross
Vaults:2: v_misc_26, minmay_crypt_entry_skeletal_spiral,
          ontoclasm_vaults_hangar, serial_ice_m, ontoclasm_vaults_idyll,
          vaults_mumra_hexcomb, v_misc_2, nicolae_vaults_circle_grid_b,
          ontoclasm_vaults_tryst, vaults_room_ringed_pool,
          vaults_mumra_chevron_long, nicolae_vaults_rhombus_5, vaults_mumra_hex,
          nicolae_vaults_gold_heap, layout_vaults_ring
Vaults:3: vaults_room_grid, ontoclasm_vaults_water_temple, v_misc_5,
          nicolae_vaults_shelves_hall, ontoclasm_vaults_ligature,
          nicolae_vaults_mini_display_case, ontoclasm_vaults_decontamination,
          nicolae_vaults_network_periphery, hangedman_vaults_pinch,
          ontoclasm_vaults_eye, layout_vaults_omnigrid, serial_shops,
          nicolae_shop_behind_doors, nicolae_shop_window_shopping,
          nicolae_shop_statue_plus
Vaults:4: nicolae_vaults_network_star, nicolae_vaults_back_hallway,
          hangedman_vaults_corner, hangedman_vaults_nodes,
          nicolae_vaults_little_squares_3, nicolae_vaults_angled_halls,
          vaults_room_corners, nicolae_vaults_alarming, v_misc_23,
          layout_vaults_maze_snakey, uniq_saint_roka, uniq_frederick,
          uniq_xtahua
Depths:1: layout_roguey [special_room_magic_class], serial_bayou_pond_e,
          pf_dread_powers_of_hell, serial_shops, freezing_bzr,
          grunt_ministairs_5, nicolae_ashenzari_panopticon,
          serial_bayou_shore_b, minmay_shop_grove, uniq_nikola

Skill      XL: |  1  2  3  4  5  6  7  8  9 10 11 12 13 14 15 16 17 18 19 20 |
---------------+-------------------------------------------------------------+-----
Fighting       | 2 3 4 5 6 7 8 9 10 11 12 13 14 15 16 17 | 17.4
Bows           | 4 5 7 9 12 14 15 17 19 20 21 23 24 25 26 27 | 27.0
Armour         | 1 3 5 6 7 8 9 10 11 | 11.6
Dodging        | 2 3 5 6 8 9 |  9.8
Invocations    | 2 5 7 8 10 | 10.0
Evocations     | 3 5 7 8 10 | 10.0
Hexes          | 3 |  3.4
Translocations | 1 |  1.8
Spellcasting   | |  1.0

Action                   |  1- 3 |  4- 6 |  7- 9 | 10-12 | 13-15 | 16-18 | 19-21 || total
-------------------------+-------+-------+-------+-------+-------+-------+-------++-------
Melee: Shortbow          |    31 |       |       |       |       |       |       ||    31
       Kick              |    20 |    26 |   127 |    66 |     2 |     2 |       ||   243
       Dagger            |    85 |   104 |   459 |   176 |       |       |       ||   824
       Punch             |       |       |       |     3 |       |       |       ||     3
       Longbow           |       |       |       |       |     5 |     5 |       ||    10
 Fire: Shortbow          |    20 |    56 |   244 |   739 |       |       |       ||  1059
       Longbow           |       |       |       |    50 |  1644 |  1395 |   696 ||  3785
 Cast: Portal Projectile |       |       |       |       |       |     1 |     1 ||     2
Invok: Heroism           |       |       |     5 |    54 |    52 |    32 |    27 ||   170
       Finesse           |       |       |       |       |     5 |     4 |     4 ||    13
Evoke: Wand              |     1 |     4 |       |     2 |     1 |       |       ||     8
  Use: Scroll            |       |       |    17 |     9 |    19 |    19 |     4 ||    68
       Potion            |       |       |     1 |     1 |       |    12 |     2 ||    16
 Stab: Distracted        |       |       |       |     1 |       |       |       ||     1
  Eat: Chunk             |     3 |     6 |    15 |    19 |    32 |    29 |    15 ||   119
       Ration            |       |       |     1 |       |       |     1 |       ||     2
Armor: Ring mail         |    48 |       |       |       |       |       |       ||    48
       Robe              |     2 |       |       |       |       |       |       ||     2
       Plate armour      |       |   156 |   210 |       |       |       |       ||   366
       Leather armour    |       |       |    69 |    89 |   273 |   419 |    84 ||   934
Dodge: Dodged            |    37 |    11 |   110 |   197 |   373 |   264 |   149 ||  1141
